 Dungeon Crawl Stone Soup version 0.31-a0-771-g505c3d19dc (webtiles) character file.

Game seed: 469875391286614957

2117 Man1s the Cleaver (level 9, -12/77 HPs)
             Began as a Hill Orc Fighter on Sept 16, 2023.
             Was a Follower of Trog.
             Killed by divine providence
             ... invoked by Jeremiah
              (15 damage)
             ... on level 6 of the Dungeon.
             The game lasted 00:08:25 (7204 turns).

Man1s the Cleaver (Hill Orc Fighter)                Turns: 7204, Time: 00:08:25

Health: -12/77     AC: 10    Str: 23    XL:     9   Next: 29%
Magic:  9/9        EV:  7    Int:  8    God:    Trog [*.....]
Gold:   338        SH:  8    Dex: 10    Spells: 8/8 levels left

rFire   . . .        a - +1 war axe
rCold   . . .        v - +0 kite shield
rNeg    . . .        r - +0 chain mail
rPois   .            (no helmet)
rElec   .            (no cloak)
rCorr   .            (no gloves)
SInv    .            (no boots)
Will    .....        (no amulet) Stlth
                     (no ring)
HPRegen 0.32/turn    (no ring)
MPRegen 0.11/turn

%: no passive effects
@: no status effects
A: no striking features
a: Renounce Religion, Berserk


You were on level 6 of the Dungeon.
You worshipped Trog.
Trog was aware of your devotion.
You visited 1 branch of the dungeon, and saw 7 of its levels.
You also visited: Ossuary.

You collected 338 gold pieces.

Inventory:

Hand Weapons
 a - a +1 war axe (weapon)
 n - a +0 war axe
 o - a +0 war axe
Missiles
 m - 28 stones (quivered)
 y - 9 atropa-tipped darts
Armour
 b - a +0 scale mail
 c - a +0 buckler
 r - a +0 chain mail (worn)
 v - a +0 kite shield (worn)
Jewellery
 i - an amulet of faith
 x - a ring of willpower
Scrolls
 e - a scroll of identify
 g - 3 scrolls of teleportation
 l - 2 scrolls of fog
 z - a scroll of enchant armour {unknown}
 A - a scroll of torment {unknown}
Potions
 d - a potion of enlightenment
 f - a potion of curing
 h - 4 potions of haste
 j - a potion of magic
 k - a potion of cancellation
 p - a potion of lignification
 q - a potion of brilliance {unknown}
 t - a potion of attraction {unknown}
 u - a potion of degeneration {unknown}
 w - 2 potions of invisibility


   Skills:
 + Level 6.3 Fighting
 + Level 10.1 Axes
 * Level 4.6 Throwing
 + Level 6.5 Armour
 + Level 5.1 Shields


You had 8 spell levels left.
You didn't know any spells.
Your spell library contained the following spells:

 Spells                   Type           Power      Damage    Failure   Level
 Volatile Blastmotes      Fire/Tloc      0%         2d10      100%        3
 Fulminant Prism          Conj/Hex       0%         3d5       100%        4
 Iskenderun's Mystic Bla  Conj/Tloc      0%         2d3       100%        4


Dungeon Overview and Level Annotations

Branches:
Dungeon (7/15)            Ossuary (visited)
 Temple: D:4-7

Altars:
Cheibriados
Hepliaklqana
Kikubaaqudgha
Trog
Zin

Shops:
D:2 **(

Annotations:
D:6 Jeremiah


Message History

You are too injured to fight recklessly!
You are too injured to fight recklessly!
You are too injured to fight recklessly!
You are too injured to fight recklessly!
You are too injured to fight recklessly!
You hit the gnoll.
The gnoll is almost dead.
The hound pauses to sniff the ground.
The gnoll hits you with a +0 flail. You block the gnoll sergeant's attack.
The gnoll sergeant hits you from afar with a +2 trident of flaming!
* * * LOW HITPOINT WARNING * * *
The gnoll sergeant burns you.
* * * LOW HITPOINT WARNING * * *
You block the gnoll's attack.
You slash the gnoll!
You kill the gnoll!
Trog accepts your kill.
The gnoll sergeant hits you from afar with a +2 trident of flaming.
* * * LOW HITPOINT WARNING * * *
The gnoll sergeant burns you.
* * * LOW HITPOINT WARNING * * *
The hound bites you but does no damage.
Found 8 gold pieces.
The hound barely misses you.
Blink to where?
Press: ? - help, Q - select action, (/) - cycle Dir - move target
Found an escape hatch in the ceiling.
As you read the scroll of blinking, it crumbles to dust.
You see here 8 gold pieces.
Found a clear potion.
There is an escape hatch in the ceiling here.
A mysterious force pulls you upwards. The hatch slams shut behind you.
Level annotation: Jeremiah Jeremiah is nearby!
Jeremiah mumbles a slurred invocation.
Something smites you!
* * * LOW HITPOINT WARNING * * *
Jeremiah throws their arms up pleadingly.
Something smites you!
You die...
Jeremiah wails, "I didn't mean to kill anyone!
I'm not a murderer!"

############.#### ##b## #####...
...##..##..##...# ##.bb## #.##
####........###.###..bbF## #.#.
#..........##.##.b.bb..## #...
###....>......#.#..[......####...
...#........#.............'....%.
...#........#...#.........####...
##..............#.........####...
##.............@.#######.##.....
##........#...#.#.....#..#.###.
##..##..##.###.#.....#....# #.
#########<# #.#.._..#.##.###.
#.###.#.....#.##.##..
#.##..#.....#)##.##.#
#.#...###'###..#.##.#
##.#............#.##.#
#......##...###.#.....


You could see Jeremiah.

Vanquished Creatures
  Sigmund (D:5)
  A wyvern (D:6)
  Menkaure (D:4)
  A sky beast (D:7)
  3 ice beasts (D:6)
  2 elf zombies (Ossuary)
  3 bullfrogs
  3 scorpions
  A gnoll sergeant (D:6)
  A jelly (D:6)
  2 centaur zombies (Ossuary)
  3 human zombies (Ossuary)
  2 hounds
  3 orc priests
  An orc wizard (D:7)
  3 iguanas
  2 mummies (Ossuary)
  Robin (D:3)
  7 adders
  8 gnolls
  3 white imps
  2 ufetubi
  An adder zombie (Ossuary)
  A worm (D:5)
  A dart slug (D:2)
  14 orcs
  5 endoplasms
  4 giant cockroaches
  11 goblins
  12 hobgoblins
  3 jackals (D:1)
  5 kobolds
  A quokka (D:1)
  4 ball pythons
  6 bats
  3 frilled lizards
  2 goblin zombies (Ossuary)
  7 hobgoblin zombies (Ossuary)
  A jackal zombie (Ossuary)
  10 kobold zombies (Ossuary)
  7 orc zombies (Ossuary)
  4 rats
  2 rat zombies (Ossuary)
158 creatures vanquished.

Notes
Turn   | Place    | Note
-------+----------+-------------------------------------------
     0 | D:1      | Man1s the Hill Orc Fighter began the quest for the Orb.
     0 | D:1      | Reached XP level 1. HP: 19/19 MP: 1/1
    97 | D:1      | Reached XP level 2. HP: 27/27 MP: 2/2
   314 | D:1      | Reached skill level 3 in Axes
   321 | D:1      | Reached XP level 3. HP: 24/33 MP: 3/3
   489 | D:2      | Found Kimmer's General Store.
   511 | D:2      | Found Gove's Weapon Boutique.
   678 | D:2      | Found Xuirhat's General Store.
   782 | D:2      | Found a faded altar of an unknown god.
  1347 | D:2      | Reached XP level 4. HP: 40/40 MP: 4/4
  1428 | D:3      | Reached skill level 1 in Throwing
  1618 | D:3      | Noticed Robin
  1625 | D:3      | Reached skill level 4 in Axes
  1628 | D:3      | Killed Robin
  2234 | D:4      | Found a sand-covered staircase.
  2239 | Ossuary  | Entered an ossuary
  2308 | Ossuary  | Reached XP level 5. HP: 42/43 MP: 5/5
  2444 | Ossuary  | Reached skill level 5 in Axes
  2479 | Ossuary  | Reached XP level 6. HP: 52/53 MP: 6/6
  2524 | Ossuary  | Reached skill level 6 in Axes
  2670 | Ossuary  | Reached XP level 7. HP: 55/60 MP: 7/7
  2965 | D:4      | Noticed Menkaure
  2977 | D:4      | Killed Menkaure
  2978 | D:4      | Reached skill level 7 in Axes
  3249 | D:4      | Reached skill level 5 in Fighting
  3585 | D:5      | Entered Level 5 of the Dungeon
  3769 | D:5      | You fall into a shaft and drop 1 floor!
  3772 | D:6      | Found a bloodstained altar of Trog.
  3799 | D:6      | Became a worshipper of Trog the Wrathful
  3819 | D:6      | Reached skill level 5 in Armour
  4041 | D:6      | Noticed a wyvern
  4053 | D:6      | Killed a wyvern
  4054 | D:6      | Reached skill level 8 in Axes
  4054 | D:6      | Reached XP level 8. HP: 25/68 MP: 8/8
  4337 | D:6      | Noticed Jeremiah
  4557 | D:5      | Found an ancient bone altar of Kikubaaqudgha.
  4862 | D:5      | Noticed Sigmund
  4874 | D:5      | Killed Sigmund
  4946 | D:5      | Reached skill level 9 in Axes
  5118 | D:5      | Found a glowing silver altar of Zin.
  5224 | D:5      | Found a hazy altar of Hepliaklqana.
  5267 | D:5      | Found a snail-covered altar of Cheibriados.
  5844 | D:6      | HP: 3/70 [gnoll/+1 halberd of freezing[a gnoll sergeant]
                  | (4)]
  6260 | D:6      | Reached XP level 9. HP: 57/75 MP: 9/9
  6501 | D:6      | Reached skill level 5 in Shields
  6771 | D:7      | Reached * piety under Trog
  6788 | D:7      | HP: 3/75 [something (9)]
  6795 | D:7      | HP: 2/75 [something (14)]
  6797 | D:7      | Reached skill level 10 in Axes
  7200 | D:6      | HP: 2/77 [Jeremiah/divine providence (15)]
  7204 | D:6      | Killed from afar by Jeremiah

Illustrated notes

Levels and vault maps discovered:
D:1:      wander_arrival_abandoned_jail, layout_basic, serial_glass,
          glass_columns_b, glass_columns_a
D:2:      layout_loops_corners, shapermc_ecumenical_altar_hornbeckon,
          serial_shops, nicolae_shop_bloodbath_and_beyond, shop, shop
D:3:      layout_basic, uniq_robin
D:4:      layout_loops_ring, enter_ossuary_2, uniq_menkaure
D:5:      layout_loops_corners, cheibrodos_worm_habitat, marbit_many_paths,
          kiku_gazebo_garden_becter, mainiacjoe_overflow_alcove_1, uniq_sigmund
D:6:      layout_loops_corners, amcnicky_altar_gilded, kennysheep_small_spiral,
          st_stairs_5, uniq_jeremiah
D:7:      layout_rooms, minmay_temple_entry_glassed_door,
          ebering_ghost_rock_garden

Skill      XL: |  1  2  3  4  5  6  7  8  9 |
---------------+----------------------------+-----
Axes           | 3 4 5 6 8 9 10 | 10.1
Fighting       | 4 5 6 |  6.3
Throwing       | 1 2 3 4 |  4.6
Armour         | 4 5 6 |  6.5
Shields        | 4 5 |  5.1

Action                     |  1- 3 |  4- 6 |  7- 9 || total
---------------------------+-------+-------+-------++-------
  Melee: War axe           |    77 |   179 |   247 ||   503
  Throw: Stone             |     4 |     5 |    20 ||    29
    Use: Scroll            |     3 |     5 |     9 ||    17
         Potion            |       |     1 |     7 ||     8
 Armour: Scale mail        |    58 |   125 |     8 ||   191
         Chain mail        |       |       |   182 ||   182
  Dodge: Dodged            |    35 |    63 |    61 ||   159
  Block: Buckler           |    22 |    32 |    20 ||    74
         Kite shield       |       |       |    89 ||    89

Table legend: (Time is in decaauts)
 A = Elapsed time spent in this place.
 B = Non-inter-level travel time spent in this place.
 C = Inter-level travel time spent in this place.
 D = Time resting spent in this place.
 E = Time spent auto-exploring this place.
 F = Levels seen in this place.
 G = Mean time per level.
                   A        B        C        D        E       F      G
               +--------+--------+--------+--------+--------+-----+--------+
         Total |   7335 |   7143 |    192 |      0 |   5784 |   8 |  916.9 |
       Dungeon |   6818 |   6626 |    192 |      0 |   5521 |   7 |  974.0 |
       Ossuary |    517 |    517 |      0 |      0 |    263 |   1 |  517.0 |
               +--------+--------+--------+--------+--------+-----+--------+

Top non-repeatable levels by time:
     D:6: 1864 daAuts
     D:5: 1184 daAuts
     D:4: 946 daAuts
     D:2: 926 daAuts
     D:3: 776 daAuts
     D:7: 610 daAuts
 Ossuary: 517 daAuts
     D:1: 509 daAuts
